[ PARTIDA AOE2 · #472214674 ]
Team RMSicilianos vs Aztecs
[ ANÁLISIS DE REPETICIÓN · EXTRAÍDO DE LA PARTIDA GRABADA ]
Feudal
10:11
Castillos
15:04
Imperial
—
| APM promedio | 20.3 |
| APM pico | 46 |
| eAPM promedio | 13.3 |
| Aldeanos / militares | 68 / 83 |
Foco
⚔️ 35.5% · 🌾 64.5%
Serjeant ×41 · Cavalry Archer ×19 · Spearman ×6 · Skirmisher ×6 · Scout Cavalry ×6 · Petard ×5
Feudal
9:47
Castillos
20:00
Imperial
—
| APM promedio | 37.9 |
| APM pico | 78 |
| eAPM promedio | 17.3 |
| Aldeanos / militares | 102 / 57 |
Foco
⚔️ 33.8% · 🌾 66.2%
Mameluke ×19 · Archer ×14 · Mangonel ×6 · Spearman ×5 · Camel Scout ×5 · Battering Ram ×5
Feudal
11:56
Castillos
19:20
Imperial
—
| APM promedio | 16.7 |
| APM pico | 58 |
| eAPM promedio | 9.4 |
| Aldeanos / militares | 60 / 20 |
Foco
⚔️ 21.2% · 🌾 78.8%
Jaguar Warrior ×16 · Fishing Ship ×12 · Battering Ram ×2 · Spearman ×1 · Demolition Raft ×1
Feudal
10:14
Castillos
14:44
Imperial
42:06
| APM promedio | 16.1 |
| APM pico | 42 |
| eAPM promedio | 9.8 |
| Aldeanos / militares | 89 / 43 |
Foco
⚔️ 23.5% · 🌾 76.5%
Knight ×21 · Ballista Elephant ×16 · Battle Elephant ×2 · Monk ×2 · Trebuchet (Packed) ×2
Mapa de la partida
Recursos iniciales + cada clic de construcción. Líneas = muros · curvas = relieve. ◆ oro · ⬟ piedra · ● bayas · ✦ reliquia · ◌ hueco del cierre
Tu base· Abierta — flanco sin cerrar
Base de DoomedOyster· ✓ Cerrada en 20:00 · 31t muro · 1 puerta(s)
Base de Luchob_01· Abierta — hueco de 7t
Base de PhOeNiX· Abierta — hueco de 10t
Terreno inicial suavizado · ◌ = hueco del cierre detectado · pasá el cursor para detalles
Inputs por minuto
— drdany - - DoomedOyster
Build order — drdany
Primeras 150 de 247 acciones detectadas
| 0:03 | Construir | House |
| 0:05 | Construir | House |
| 0:06 | Crear | Villager (Male) |
| 0:07 | Crear | Villager (Male) |
| 0:07 | Crear | Villager (Male) |
| 0:07 | Crear | Villager (Male) |
| 1:41 | Crear | Villager (Male) |
| 2:04 | Crear | Villager (Male) |
| 2:27 | Crear | Villager (Male) |
| 2:27 | Crear | Villager (Male) |
| 3:00 | Crear | Villager (Male) |
| 3:00 | Crear | Villager (Male) |
| 3:36 | Crear | Villager (Male) |
| 3:36 | Crear | Villager (Male) |
| 4:04 | Construir | House |
| 4:10 | Construir | Mill |
| 4:39 | Crear | Villager (Male) |
| 4:39 | Crear | Villager (Male) |
| 4:39 | Crear | Villager (Male) |
| 4:40 | Crear | Villager (Male) |
| 5:48 | Crear | Villager (Male) |
| 5:49 | Crear | Villager (Male) |
| 5:49 | Crear | Villager (Male) |
| 5:49 | Crear | Villager (Male) |
| 6:11 | Crear | Villager (Male) |
| 6:33 | Investigar | Loom |
| 6:52 | Crear | Villager (Male) |
| 6:52 | Crear | Villager (Male) |
| 7:26 | Construir | Mining Camp |
| 8:01 | Investigar | Feudal Age |
| 8:41 | Construir | House |
| 8:53 | Construir | Donjon |
| 9:18 | Crear | Villager (Male) |
| 9:19 | Crear | Villager (Male) |
| 10:11 | Edad | Edad Feudal |
| 10:30 | Construir | Market |
| 10:43 | Crear | Villager (Male) |
| 11:30 | Construir | Blacksmith |
| 12:24 | Investigar | Castle Age |
| 13:20 | Crear | Serjeant |
| 13:20 | Crear | Serjeant |
| 13:35 | Construir | Farm |
| 14:04 | Crear | Serjeant |
| 14:27 | Crear | Serjeant |
| 14:37 | Crear | Serjeant |
| 15:04 | Edad | Edad de los Castillos |
| 15:14 | Construir | Lumber Camp |
| 15:26 | Construir | Lumber Camp |
| 15:34 | Construir | House |
| 15:41 | Crear | Serjeant |
| 15:59 | Investigar | Scale Mail Armor |
| 16:32 | Construir | Donjon |
| 16:58 | Investigar | Forging |
| 17:30 | Construir | Mining Camp |
| 18:45 | Construir | Donjon |
| 18:50 | Crear | Serjeant |
| 18:50 | Crear | Serjeant |
| 18:51 | Crear | Serjeant |
| 20:00 | Crear | Villager (Male) |
| 20:01 | Crear | Villager (Male) |
| 20:14 | Crear | Serjeant |
| 20:14 | Crear | Serjeant |
| 20:56 | Construir | Farm |
| 20:57 | Construir | Farm |
| 21:25 | Crear | Serjeant |
| 21:25 | Crear | Serjeant |
| 21:40 | Construir | Donjon |
| 22:23 | Crear | Serjeant |
| 22:24 | Crear | Serjeant |
| 22:37 | Crear | Villager (Male) |
| 22:37 | Crear | Villager (Male) |
| 22:45 | Construir | House |
| 22:45 | Construir | House |
| 22:46 | Construir | House |
| 22:46 | Construir | House |
| 22:46 | Construir | House |
| 22:46 | Construir | House |
| 22:51 | Investigar | Double-Bit Axe |
| 23:48 | Crear | Spearman |
| 23:48 | Crear | Spearman |
| 23:48 | Crear | Spearman |
| 24:06 | Crear | Spearman |
| 24:06 | Crear | Spearman |
| 24:08 | Crear | Serjeant |
| 24:09 | Crear | Serjeant |
| 24:09 | Crear | Serjeant |
| 24:42 | Crear | Serjeant |
| 24:42 | Crear | Serjeant |
| 25:01 | Crear | Villager (Male) |
| 25:02 | Crear | Villager (Male) |
| 25:02 | Crear | Villager (Male) |
| 25:09 | Construir | Farm |
| 25:22 | Construir | Farm |
| 25:23 | Construir | Farm |
| 25:24 | Construir | Farm |
| 26:30 | Construir | Donjon |
| 26:40 | Construir | Donjon |
| 26:45 | Crear | Villager (Male) |
| 26:45 | Crear | Villager (Male) |
| 26:45 | Crear | Villager (Male) |
| 27:02 | Crear | Villager (Male) |
| 27:02 | Crear | Villager (Male) |
| 27:09 | Construir | Farm |
| 27:10 | Construir | Farm |
| 27:11 | Construir | Farm |
| 27:11 | Construir | Farm |
| 27:11 | Construir | Farm |
| 27:37 | Crear | Villager (Male) |
| 27:38 | Crear | Villager (Male) |
| 28:04 | Crear | Serjeant |
| 28:04 | Crear | Serjeant |
| 28:16 | Crear | Serjeant |
| 28:16 | Crear | Serjeant |
| 29:29 | Investigar | Bow Saw |
| 29:38 | Crear | Villager (Male) |
| 29:38 | Crear | Villager (Male) |
| 29:39 | Crear | Villager (Male) |
| 29:39 | Crear | Villager (Male) |
| 29:55 | Construir | Stable |
| 30:14 | Crear | Serjeant |
| 30:14 | Crear | Serjeant |
| 30:45 | Construir | Donjon |
| 31:08 | Construir | Farm |
| 31:09 | Construir | Farm |
| 31:09 | Construir | Farm |
| 31:09 | Construir | Farm |
| 31:10 | Construir | Farm |
| 31:17 | Crear | Villager (Male) |
| 31:21 | Crear | Serjeant |
| 31:28 | Construir | House |
| 31:29 | Construir | House |
| 32:12 | Crear | Serjeant |
| 32:12 | Crear | Serjeant |
| 32:57 | Crear | Villager (Male) |
| 32:57 | Crear | Villager (Male) |
| 32:57 | Crear | Villager (Male) |
| 33:04 | Investigar | Stone Mining |
| 33:29 | Crear | Serjeant |
| 33:30 | Crear | Serjeant |
| 33:44 | Crear | Villager (Male) |
| 33:44 | Crear | Villager (Male) |
| 34:08 | Crear | Serjeant |
| 34:09 | Crear | Serjeant |
| 34:51 | Crear | Serjeant |
| 34:52 | Crear | Serjeant |
| 35:53 | Crear | Serjeant |
| 35:53 | Crear | Serjeant |
| 36:06 | Construir | Archery Range |
| 36:09 | Construir | Archery Range |
| 36:30 | Crear | Villager (Male) |
Build order — DoomedOyster
Primeras 150 de 280 acciones detectadas
| 0:01 | Crear | Villager (Male) |
| 0:01 | Crear | Villager (Male) |
| 0:02 | Construir | House |
| 0:04 | Construir | House |
| 0:14 | Crear | Villager (Male) |
| 0:15 | Crear | Villager (Male) |
| 1:22 | Construir | Lumber Camp |
| 1:24 | Crear | Villager (Male) |
| 1:49 | Crear | Villager (Male) |
| 2:27 | Crear | Villager (Male) |
| 2:33 | Construir | House |
| 2:56 | Crear | Villager (Male) |
| 3:27 | Crear | Villager (Male) |
| 3:28 | Crear | Villager (Male) |
| 3:28 | Crear | Villager (Male) |
| 3:59 | Crear | Villager (Male) |
| 4:36 | Crear | Villager (Male) |
| 4:37 | Crear | Villager (Male) |
| 5:14 | Construir | Mill |
| 5:16 | Crear | Villager (Male) |
| 5:29 | Crear | Villager (Male) |
| 5:44 | Construir | House |
| 5:47 | Crear | Villager (Male) |
| 6:34 | Investigar | Loom |
| 6:43 | Crear | Villager (Male) |
| 6:44 | Investigar | Loom |
| 7:37 | Investigar | Feudal Age |
| 7:51 | Construir | Barracks |
| 8:13 | Crear | Villager (Male) |
| 8:53 | Construir | Mining Camp |
| 9:47 | Edad | Edad Feudal |
| 9:49 | Construir | House |
| 10:02 | Construir | Stable |
| 10:11 | Construir | Palisade Wall |
| 10:17 | Construir | Palisade Wall |
| 10:20 | Construir | Palisade Wall |
| 10:22 | Crear | Villager (Male) |
| 10:32 | Construir | House |
| 10:38 | Construir | Palisade Wall |
| 10:43 | Construir | Palisade Wall |
| 10:46 | Crear | Villager (Male) |
| 10:52 | Construir | Palisade Gate |
| 11:14 | Crear | Villager (Male) |
| 11:16 | Crear | Scout Cavalry |
| 11:17 | Crear | Scout Cavalry |
| 11:17 | Crear | Scout Cavalry |
| 11:33 | Construir | Farm |
| 11:33 | Construir | Farm |
| 11:34 | Construir | Farm |
| 11:43 | Construir | Blacksmith |
| 11:50 | Construir | Market |
| 11:53 | Construir | House |
| 11:55 | Crear | Villager (Male) |
| 11:56 | Crear | Villager (Male) |
| 12:36 | Construir | House |
| 12:40 | Construir | Palisade Wall |
| 12:45 | Construir | Palisade Wall |
| 12:54 | Crear | Villager (Male) |
| 13:16 | Construir | Farm |
| 13:16 | Construir | Farm |
| 13:17 | Construir | Farm |
| 13:20 | Crear | Villager (Male) |
| 13:51 | Crear | Villager (Male) |
| 14:01 | Investigar | Double-Bit Axe |
| 14:09 | Crear | Villager (Male) |
| 14:15 | Construir | House |
| 14:20 | Construir | House |
| 14:25 | Construir | Palisade Wall |
| 14:27 | Construir | Palisade Wall |
| 15:14 | Crear | Villager (Male) |
| 15:16 | Crear | Villager (Male) |
| 15:22 | Construir | Farm |
| 15:41 | Crear | Villager (Male) |
| 16:29 | Crear | Villager (Male) |
| 17:18 | Crear | Villager (Male) |
| 17:20 | Investigar | Castle Age |
| 17:30 | Construir | House |
| 17:51 | Construir | House |
| 17:57 | Crear | Spearman |
| 17:58 | Crear | Spearman |
| 17:59 | Crear | Spearman |
| 18:17 | Crear | Villager (Male) |
| 18:23 | Construir | House |
| 18:33 | Construir | Farm |
| 18:56 | Crear | Spearman |
| 19:01 | Construir | House |
| 19:15 | Construir | House |
| 19:23 | Crear | Spearman |
| 19:47 | Construir | Farm |
| 19:47 | Construir | Farm |
| 19:48 | Construir | Farm |
| 19:48 | Construir | Farm |
| 19:50 | Investigar | Horse Collar |
| 20:00 | Edad | Edad de los Castillos |
| 20:01 | Investigar | Pikeman (upgrade) |
| 20:01 | Investigar | Pikeman (upgrade) |
| 20:13 | Crear | Villager (Male) |
| 20:18 | Investigar | Bow Saw |
| 20:38 | Crear | Villager (Male) |
| 20:42 | Crear | Camel Scout |
| 20:43 | Crear | Camel Scout |
| 20:43 | Crear | Camel Scout |
| 20:58 | Construir | Town Center |
| 21:07 | Construir | Farm |
| 21:28 | Crear | Villager (Male) |
| 21:29 | Crear | Villager (Male) |
| 21:35 | Crear | Camel Scout |
| 21:35 | Crear | Camel Scout |
| 22:07 | Crear | Villager (Male) |
| 22:19 | Construir | Archery Range |
| 22:19 | Crear | Villager (Male) |
| 23:07 | Crear | Villager (Male) |
| 23:08 | Crear | Villager (Male) |
| 23:08 | Crear | Villager (Male) |
| 23:10 | Crear | Villager (Male) |
| 23:11 | Crear | Villager (Male) |
| 23:20 | Construir | Mining Camp |
| 24:07 | Construir | House |
| 24:09 | Construir | House |
| 24:11 | Construir | House |
| 24:19 | Crear | Villager (Male) |
| 24:23 | Construir | Farm |
| 24:23 | Construir | Farm |
| 24:24 | Crear | Villager (Male) |
| 24:25 | Crear | Villager (Male) |
| 24:29 | Construir | Farm |
| 24:34 | Crear | Villager (Male) |
| 24:35 | Crear | Villager (Male) |
| 24:38 | Crear | Villager (Male) |
| 24:50 | Crear | Archer |
| 24:50 | Crear | Archer |
| 24:51 | Crear | Archer |
| 24:51 | Crear | Archer |
| 24:52 | Crear | Archer |
| 25:16 | Construir | Siege Workshop |
| 25:16 | Crear | Villager (Male) |
| 25:18 | Crear | Villager (Male) |
| 25:19 | Crear | Villager (Male) |
| 25:20 | Crear | Villager (Male) |
| 26:03 | Construir | Town Center |
| 26:04 | Crear | Villager (Male) |
| 26:05 | Crear | Villager (Male) |
| 26:09 | Investigar | Wheelbarrow |
| 26:18 | Investigar | Heavy Plow |
| 26:22 | Crear | Villager (Male) |
| 26:32 | Crear | Archer |
| 26:36 | Crear | Battering Ram |
| 26:37 | Crear | Battering Ram |
| 26:48 | Construir | House |
| 27:09 | Investigar | Crossbowman (upgrade) |
Build order — Luchob_01
145 acciones detectadas en el replay
| 0:01 | Crear | Villager (Male) ×4 |
| 0:05 | Construir | House |
| 0:08 | Construir | House |
| 1:42 | Crear | Villager (Male) |
| 1:44 | Investigar | Loom |
| 2:19 | Construir | Lumber Camp |
| 2:32 | Crear | Villager (Male) ×2 |
| 3:05 | Crear | Villager (Male) ×2 |
| 4:13 | Crear | Villager (Male) ×2 |
| 4:18 | Construir | House |
| 4:19 | Construir | House |
| 5:44 | Crear | Villager (Male) ×2 |
| 5:55 | Crear | Villager (Male) ×3 |
| 6:00 | Construir | Palisade Wall |
| 6:57 | Crear | Villager (Male) ×2 |
| 7:36 | Crear | Villager (Male) ×4 |
| 7:58 | Construir | Mill |
| 8:34 | Construir | Palisade Wall |
| 8:34 | Construir | Palisade Wall |
| 9:14 | Construir | Palisade Wall |
| 9:37 | Construir | Mining Camp |
| 9:46 | Investigar | Feudal Age |
| 10:29 | Construir | Barracks |
| 10:32 | Construir | Palisade Wall |
| 10:43 | Construir | Palisade Wall |
| 10:53 | Construir | Palisade Wall |
| 11:10 | Construir | House |
| 11:14 | Construir | House |
| 11:55 | Crear | Villager (Male) |
| 11:55 | Crear | Villager (Male) |
| 11:56 | Edad | Edad Feudal |
| 12:27 | Construir | Market |
| 12:32 | Crear | Villager (Male) |
| 12:32 | Crear | Villager (Male) |
| 13:17 | Construir | Blacksmith |
| 13:21 | Crear | Villager (Male) |
| 13:21 | Crear | Villager (Male) |
| 14:15 | Construir | Dock |
| 14:25 | Crear | Villager (Male) |
| 14:50 | Construir | Palisade Gate |
| 14:52 | Crear | Villager (Male) |
| 14:52 | Crear | Villager (Male) |
| 15:01 | Construir | House |
| 15:02 | Construir | House |
| 16:15 | Crear | Fishing Ship ×3 |
| 16:40 | Investigar | Castle Age |
| 16:57 | Construir | Mining Camp |
| 17:20 | Construir | Palisade Gate |
| 17:52 | Crear | Fishing Ship |
| 18:05 | Construir | Mining Camp |
| 18:52 | Construir | Watch Tower |
| 19:02 | Investigar | Scale Mail Armor |
| 19:20 | Edad | Edad de los Castillos |
| 20:12 | Construir | Mining Camp |
| 20:14 | Crear | Villager (Male) |
| 20:38 | Crear | Spearman |
| 20:42 | Construir | House |
| 20:44 | Construir | House |
| 22:54 | Construir | Castle |
| 24:49 | Construir | Lumber Camp |
| 26:20 | Construir | Fish Trap |
| 26:44 | Construir | Fish Trap |
| 27:17 | Construir | Watch Tower |
| 27:27 | Construir | Fish Trap |
| 28:23 | Crear | Villager (Male) |
| 28:23 | Crear | Villager (Male) |
| 28:41 | Construir | Fish Trap |
| 29:00 | Crear | Jaguar Warrior |
| 29:18 | Crear | Demolition Raft |
| 29:22 | Crear | Fishing Ship |
| 29:22 | Crear | Fishing Ship |
| 29:35 | Crear | Villager (Male) |
| 29:35 | Crear | Villager (Male) |
| 29:52 | Crear | Fishing Ship |
| 30:00 | Crear | Villager (Male) |
| 30:08 | Construir | Fish Trap |
| 30:38 | Crear | Jaguar Warrior |
| 30:44 | Crear | Fishing Ship |
| 30:52 | Construir | Fish Trap |
| 31:12 | Crear | Villager (Male) |
| 31:12 | Crear | Villager (Male) |
| 31:12 | Crear | Villager (Male) |
| 31:24 | Crear | Fishing Ship |
| 31:33 | Construir | Fish Trap |
| 31:48 | Crear | Jaguar Warrior |
| 31:56 | Crear | Fishing Ship |
| 32:20 | Construir | Fish Trap |
| 32:27 | Crear | Villager (Male) |
| 32:46 | Crear | Villager (Male) |
| 33:05 | Construir | Fish Trap |
| 33:10 | Crear | Fishing Ship |
| 33:32 | Investigar | Double-Bit Axe |
| 33:41 | Crear | Fishing Ship |
| 33:59 | Construir | Fish Trap |
| 34:24 | Crear | Villager (Male) |
| 34:38 | Construir | Stone Wall |
| 35:07 | Construir | Lumber Camp |
| 35:18 | Crear | Jaguar Warrior |
| 35:19 | Crear | Jaguar Warrior |
| 35:19 | Crear | Jaguar Warrior |
| 35:31 | Crear | Jaguar Warrior |
| 35:49 | Crear | Villager (Male) |
| 36:24 | Crear | Villager (Male) ×4 |
| 36:35 | Construir | Stone Wall |
| 36:37 | Construir | Stone Wall |
| 36:49 | Crear | Jaguar Warrior |
| 36:58 | Construir | Farm |
| 37:49 | Crear | Jaguar Warrior ×2 |
| 37:56 | Construir | Farm |
| 38:03 | Construir | Farm |
| 38:04 | Construir | Farm |
| 38:06 | Construir | Farm |
| 38:08 | Construir | Farm |
| 38:08 | Construir | Farm |
| 38:09 | Construir | Farm |
| 38:09 | Construir | Farm |
| 38:10 | Construir | Farm |
| 38:13 | Construir | Farm |
| 38:18 | Construir | Farm |
| 38:54 | Crear | Villager (Male) ×2 |
| 39:01 | Construir | Farm |
| 39:56 | Crear | Villager (Male) |
| 39:56 | Crear | Villager (Male) |
| 40:04 | Construir | Town Center |
| 40:09 | Investigar | Bow Saw |
| 40:13 | Investigar | Horse Collar |
| 40:20 | Crear | Jaguar Warrior ×2 |
| 40:49 | Construir | Fish Trap |
| 41:00 | Crear | Villager (Male) |
| 41:00 | Crear | Villager (Male) |
| 41:01 | Crear | Villager (Male) |
| 41:42 | Construir | Siege Workshop |
| 42:24 | Construir | Farm |
| 42:25 | Construir | Farm |
| 42:25 | Construir | Farm |
| 42:28 | Construir | Farm |
| 42:43 | Crear | Battering Ram |
| 42:43 | Crear | Battering Ram |
| 42:57 | Crear | Villager (Male) |
| 42:57 | Crear | Villager (Male) |
| 42:57 | Crear | Villager (Male) |
| 43:00 | Crear | Villager (Male) |
| 43:01 | Crear | Villager (Male) |
| 43:17 | Crear | Jaguar Warrior ×4 |
| 43:29 | Investigar | Forging |
Build order — PhOeNiX
Primeras 150 de 221 acciones detectadas
| 0:01 | Crear | Villager (Male) |
| 0:01 | Crear | Villager (Male) |
| 0:02 | Crear | Villager (Male) |
| 0:02 | Crear | Villager (Male) |
| 0:02 | Crear | Villager (Male) |
| 0:05 | Construir | House |
| 0:08 | Construir | House |
| 1:42 | Crear | Villager (Male) |
| 1:42 | Crear | Villager (Male) |
| 2:07 | Crear | Villager (Male) |
| 2:08 | Crear | Villager (Male) |
| 2:32 | Crear | Villager (Male) |
| 2:32 | Crear | Villager (Male) |
| 2:39 | Construir | Lumber Camp |
| 2:55 | Crear | Villager (Male) |
| 2:55 | Crear | Villager (Male) |
| 3:02 | Construir | House |
| 3:16 | Crear | Villager (Male) |
| 3:32 | Crear | Villager (Male) |
| 3:32 | Crear | Villager (Male) |
| 4:12 | Crear | Villager (Male) |
| 4:18 | Construir | House |
| 4:44 | Crear | Villager (Male) |
| 4:44 | Crear | Villager (Male) |
| 4:44 | Crear | Villager (Male) |
| 4:58 | Crear | Villager (Male) |
| 4:59 | Crear | Villager (Male) |
| 5:53 | Crear | Villager (Male) |
| 5:53 | Crear | Villager (Male) |
| 6:19 | Crear | Villager (Male) |
| 6:30 | Construir | Mill |
| 6:46 | Crear | Villager (Male) |
| 7:17 | Crear | Villager (Male) |
| 7:17 | Crear | Villager (Male) |
| 7:54 | Investigar | Feudal Age |
| 8:54 | Construir | House |
| 9:01 | Construir | Mining Camp |
| 10:09 | Crear | Villager (Male) |
| 10:09 | Crear | Villager (Male) |
| 10:14 | Edad | Edad Feudal |
| 10:49 | Investigar | Loom |
| 11:04 | Construir | Stable |
| 11:14 | Construir | House |
| 11:18 | Construir | House |
| 12:04 | Investigar | Castle Age |
| 12:31 | Investigar | Double-Bit Axe |
| 12:39 | Construir | Farm |
| 12:47 | Construir | Farm |
| 12:57 | Construir | Palisade Wall |
| 13:20 | Construir | Farm |
| 13:43 | Construir | Farm |
| 13:50 | Construir | Farm |
| 14:03 | Construir | Farm |
| 14:15 | Investigar | Horse Collar |
| 14:44 | Edad | Edad de los Castillos |
| 14:49 | Crear | Knight |
| 14:49 | Crear | Knight |
| 14:59 | Construir | House |
| 16:05 | Crear | Knight |
| 16:22 | Crear | Villager (Male) |
| 16:32 | Construir | Farm |
| 16:41 | Construir | Farm |
| 17:32 | Crear | Knight |
| 17:52 | Crear | Knight |
| 18:01 | Crear | Villager (Male) |
| 18:07 | Construir | Farm |
| 18:08 | Construir | Farm |
| 18:36 | Crear | Knight |
| 18:43 | Construir | Blacksmith |
| 18:45 | Crear | Villager (Male) |
| 18:45 | Crear | Villager (Male) |
| 19:00 | Crear | Knight |
| 19:24 | Crear | Knight |
| 19:56 | Construir | Farm |
| 19:58 | Investigar | Forging |
| 20:13 | Construir | Farm |
| 20:15 | Construir | Farm |
| 20:16 | Construir | Farm |
| 20:22 | Crear | Villager (Male) |
| 20:22 | Crear | Villager (Male) |
| 21:19 | Investigar | Iron Casting |
| 21:35 | Crear | Battle Elephant |
| 21:35 | Crear | Battle Elephant |
| 22:21 | Crear | Knight |
| 23:06 | Crear | Knight |
| 23:07 | Crear | Knight |
| 23:11 | Crear | Villager (Male) |
| 23:12 | Crear | Villager (Male) |
| 23:12 | Crear | Villager (Male) |
| 23:43 | Crear | Villager (Male) |
| 23:43 | Crear | Villager (Male) |
| 23:54 | Construir | Town Center |
| 24:19 | Crear | Knight |
| 24:19 | Crear | Knight |
| 24:19 | Crear | Knight |
| 24:36 | Crear | Villager (Male) |
| 24:37 | Crear | Villager (Male) |
| 24:46 | Construir | House |
| 24:47 | Construir | House |
| 24:49 | Construir | House |
| 24:50 | Construir | House |
| 25:10 | Construir | Monastery |
| 25:14 | Crear | Villager (Male) |
| 25:15 | Crear | Villager (Male) |
| 25:48 | Construir | Farm |
| 25:56 | Crear | Villager (Male) |
| 25:56 | Crear | Villager (Male) |
| 25:57 | Crear | Villager (Male) |
| 25:57 | Crear | Villager (Male) |
| 26:02 | Crear | Villager (Male) |
| 26:09 | Investigar | Scale Barding Armor |
| 26:17 | Crear | Monk |
| 26:17 | Crear | Monk |
| 26:23 | Construir | Farm |
| 26:52 | Crear | Knight |
| 26:53 | Crear | Knight |
| 26:53 | Crear | Knight |
| 27:10 | Investigar | Stone Mining |
| 27:28 | Investigar | Gold Mining |
| 27:36 | Crear | Villager (Male) |
| 27:37 | Crear | Villager (Male) |
| 27:41 | Crear | Villager (Male) |
| 27:41 | Crear | Villager (Male) |
| 28:28 | Crear | Villager (Male) |
| 28:29 | Crear | Villager (Male) |
| 28:33 | Crear | Villager (Male) |
| 28:33 | Crear | Villager (Male) |
| 28:37 | Construir | Farm |
| 28:52 | Construir | Market |
| 29:19 | Investigar | Bloodlines |
| 29:21 | Crear | Knight |
| 29:36 | Construir | House |
| 29:38 | Construir | House |
| 30:13 | Construir | Castle |
| 30:25 | Crear | Knight |
| 30:25 | Crear | Knight |
| 30:32 | Crear | Villager (Male) |
| 30:33 | Crear | Villager (Male) |
| 30:33 | Crear | Villager (Male) |
| 30:33 | Crear | Villager (Male) |
| 30:33 | Crear | Villager (Male) |
| 31:10 | Crear | Knight |
| 31:23 | Crear | Villager (Male) |
| 31:24 | Crear | Villager (Male) |
| 31:26 | Crear | Villager (Male) |
| 31:34 | Construir | House |
| 31:35 | Construir | House |
| 31:37 | Construir | House |
| 31:38 | Construir | House |
| 31:39 | Construir | House |
Cronología de la partida
| 6:00 | Luchob_01 · wall_segment Palisade Wall x13 |
| 7:51 | DoomedOyster · first_building Barracks |
| 8:34 | Luchob_01 · wall_segment Palisade Wall x12 |
| 8:34 | Luchob_01 · wall_segment Palisade Wall x1 |
| 8:53 | drdany · first_building Donjon |
| 9:14 | Luchob_01 · wall_segment Palisade Wall x9 |
| 9:47 | DoomedOyster · age_up feudal |
| 10:02 | DoomedOyster · first_building Stable |
| 10:11 | drdany · age_up feudal |
| 10:11 | DoomedOyster · wall_segment Palisade Wall x12 |
| 10:14 | PhOeNiX · age_up feudal |
| 10:17 | DoomedOyster · wall_segment Palisade Wall x1 |
| 10:20 | DoomedOyster · wall_segment Palisade Wall x1 |
| 10:29 | Luchob_01 · first_building Barracks |
| 10:32 | Luchob_01 · wall_segment Palisade Wall x2 |
| 10:38 | DoomedOyster · wall_segment Palisade Wall x1 |
| 10:43 | DoomedOyster · wall_segment Palisade Wall x1 |
| 10:43 | Luchob_01 · wall_segment Palisade Wall x15 |
| 10:53 | Luchob_01 · wall_segment Palisade Wall x10 |
| 11:04 | PhOeNiX · first_building Stable |
| 11:56 | Luchob_01 · age_up feudal |
| 12:10 | drdany · first_market_buy 100 food |
| 12:40 | DoomedOyster · wall_segment Palisade Wall x2 |
| 12:45 | DoomedOyster · wall_segment Palisade Wall x1 |
| 12:57 | PhOeNiX · wall_segment Palisade Wall x10 |
| 13:56 | DoomedOyster · first_market_sell 100 wood |
| 13:57 | DoomedOyster · first_market_buy 100 food |
| 14:15 | Luchob_01 · first_building Dock |
| 14:25 | DoomedOyster · wall_segment Palisade Wall x8 |
| 14:27 | DoomedOyster · wall_segment Palisade Wall x4 |
| 14:44 | PhOeNiX · age_up castle |
| 15:04 | drdany · age_up castle |
| 15:16 | Luchob_01 · first_market_buy 100 food |
| 15:18 | Luchob_01 · first_market_sell 500 wood |
| 19:20 | Luchob_01 · age_up castle |
| 20:00 | DoomedOyster · age_up castle |
| 22:19 | DoomedOyster · first_building Archery Range |
| 22:38 | DoomedOyster · tribute_sent a jugador 2 |
| 22:38 | DoomedOyster · tribute_sent a jugador 3 |
| 22:38 | DoomedOyster · tribute_sent a jugador 4 |
| 22:54 | Luchob_01 · first_building Castle |
| 25:10 | PhOeNiX · first_building Monastery |
| 25:16 | DoomedOyster · first_building Siege Workshop |
| 29:55 | drdany · first_building Stable |
| 29:56 | PhOeNiX · first_market_buy 100 stone |
| 30:13 | PhOeNiX · first_building Castle |
| 31:03 | DoomedOyster · wall_segment Palisade Wall x10 |
| 32:25 | DoomedOyster · first_building Castle |
| 34:38 | Luchob_01 · wall_segment Stone Wall x8 |
| 36:06 | drdany · first_building Archery Range |
| 36:35 | Luchob_01 · wall_segment Stone Wall x7 |
| 36:37 | Luchob_01 · wall_segment Stone Wall x3 |
| 37:39 | drdany · first_market_sell 100 wood |
| 39:25 | drdany · first_building Castle |
| 40:04 | DoomedOyster · wall_segment Stone Wall x2 |
| 40:16 | DoomedOyster · wall_segment Stone Wall x6 |
| 40:17 | DoomedOyster · wall_segment Stone Wall x2 |
| 41:42 | Luchob_01 · first_building Siege Workshop |
| 41:59 | DoomedOyster · resign |
| 42:06 | PhOeNiX · age_up imperial |
[ ANÁLISIS IA · 1 CRÉDITO ]
¿Qué pasó realmente en esta partida?
Wolo.gg analiza cada decisión: build order, eco, micro, errores típicos por bracket. Análisis personalizado por WhatsApp o Discord en 30 segundos.
Guía civ
Sicilianos
Guía mapa
Arabia
Perfil
Jugador #24764421